Map: Simulacrum LE

Players

Neeb - Winner!

  • Race: Protoss Protoss
  • Spawn Location: 11:00

TSGSolar (Solar)

  • Race: Zerg Zerg
  • Spawn Location: 5:00

VOD

Have the link to the VOD?

Description

Time

  • Played on: Jan. 7, 2020, 8:08 p.m.
  • Length: 21:22
Show
View Real Time Build Order
Export as new Build Order

Neeb Protoss - Winner!

Build Orders: 1 Gate Expand, Oracle Opening, Phoenix Opening, Archon Immortal 

Get SALT Encoding   

  12  0:00  Probe  
  13  0:12  Probe  
  14  0:17  Pylon  
  14  0:25  Probe  
  15  0:37  Probe (Chrono Boost)  
  16  0:43  Gateway  
  16  0:47  Probe (Chrono Boost)  
  16  0:49  Assimilator  
  17  0:51  Probe (Chrono Boost)  
  18  1:03  Probe  
  19  1:15  Probe  
  20  1:24  Nexus  
  20  1:34  Cybernetics Core  
  20  1:38  Probe  
  21  1:43  Assimilator  
  21  1:50  Probe  
  21  1:52  Pylon  
  22  2:02  Probe (Chrono Boost)  
  22  2:07  Adept (Chrono Boost)  
  23  2:12  Probe (Chrono Boost)  
  26  2:17  Probe (Chrono Boost)  
  26  2:18  Stargate  
  27  2:29  Warp Gate  
  28  2:31  Probe (Chrono Boost)  
  28  2:32  Adept  
  28  2:36  Probe (Chrono Boost)  
  32  2:45  Probe (Chrono Boost)  
  32  2:46  Probe (Chrono Boost)  
  32  2:50  Probe (Chrono Boost)  
  33  2:53  Probe  
  33  2:58  Gateway  
  35  3:02  Probe, Oracle (Chrono Boost)  
  35  3:05  Probe  
  40  3:11  Pylon  
  40  3:14  Probe  
  40  3:17  Probe  
  42  3:26  Probe  
  43  3:29  Probe  
  43  3:30  Phoenix (Chrono Boost)  
  43  3:34  Pylon  
  46  3:39  Probe, Assimilator  
  47  3:41  Probe, Assimilator  
  48  3:49  Oracle (Chrono Boost)  
  48  3:51  Probe  
  48  3:54  Probe  
  53  3:58  Pylon  
  53  4:03  Probe  
  53  4:06  Probe  
  55  4:12  Robotics Facility  
  55  4:15  Probe  
  56  4:18  Probe  
  56  4:23  Adept, Sentry  
  61  4:26  Nexus  
  61  4:31  Probe, Pylon  
  61  4:33  Probe, Pylon  
  63  4:43  Probe  
  63  4:45  Probe  
  65  4:49  Gateway  
  65  4:50  Pylon  
  65  4:51  Sentry  
  65  4:52  Sentry  
  69  4:56  Probe  
  69  4:57  Probe  
  71  5:04  Immortal (Chrono Boost)  
  73  5:08  Probe  
  73  5:09  Probe  
  73  5:20  Probe  
  74  5:21  Probe  
  74  5:26  Zealot x2  
  79  5:29  Assimilator  
  79  5:30  Assimilator  
  79  5:32  Probe  
  79  5:33  Probe, Forge  
  79  5:34  Pylon  
  81  5:35  Twilight Council  
  81  5:39  Probe  
  81  5:41  Observer (Chrono Boost)  
  83  5:43  Shield Battery  
  83  5:44  Probe  
  83  5:45  Probe  
  85  5:51  Probe  
  85  5:56  Probe  
  87  6:01  Gateway  
  87  6:02  Gateway  
  87  6:04  Probe, Gateway, Pylon  
  87  6:08  Pylon  
  87  6:09  Protoss Ground Weapons Level 1  
  88  6:11  Immortal (Chrono Boost)  
  88  6:13  Probe  
  88  6:14  Probe  
  88  6:18  Templar Archives  
  94  6:22  Charge  
  94  6:24  Probe  
  95  6:26  Probe  
  95  6:29  Probe  
  95  6:35  Psionic Storm  
  95  6:40  Gateway  
  95  6:44  Gateway  
  95  6:46  Warp Prism (Chrono Boost)  
  97  6:54  High Templar x3  
  103  7:02  High Templar x2  
  103  7:03  High Templar  
  103  7:06  Pylon  
  109  7:08  Photon Cannon  
  109  7:12  Pylon, Nexus  
  109  7:15  Pylon, Photon Cannon  
  109  7:22  Immortal (Chrono Boost)  
  113  7:28  Photon Cannon  
  113  7:36  High Templar x2, Zealot x4  
  123  7:41  Probe x3  
  123  7:42  Archon  
  126  7:53  High Templar x2  
  126  7:57  Archon, Immortal (Chrono Boost), Pylon  
  134  8:00  Photon Cannon  
  134  8:02  Zealot x3  
  134  8:04  Shield Battery  
  134  8:05  Shield Battery  
  140  8:09  Archon  
  140  8:10  Probe  
  140  8:11  Probe x2  
  137  8:13  Archon  
  137  8:14  Archon  
  137  8:15  Zealot x3  
  127  8:22  Probe  
  127  8:23  Probe x2  
  127  8:27  High Templar, Immortal (Chrono Boost)  
  133  8:28  High Templar x2  
  133  8:29  Probe  
  133  8:35  Probe  
  133  8:36  High Templar  
  133  8:37  Zealot x2  
  133  8:39  Probe  
  133  8:41  Probe  
  142  8:43  Probe  
  139  8:51  Zealot x2  
  139  8:53  Probe  
  144  8:56  Probe  
  144  8:57  Probe  
  146  9:03  Zealot x2  
  146  9:04  Zealot x3  
  152  9:11  Immortal  
  154  9:18  High Templar x2  
  154  9:19  High Templar  
  154  9:20  Probe x2  
  154  9:29  Zealot x3  
  154  9:30  Zealot x2  
  152  9:34  Archon  
  137  9:42  Probe x3  
  140  9:47  Probe  
  140  9:50  Immortal (Chrono Boost)  
  140  9:51  Assimilator  
  141  9:53  Assimilator  
  141  9:54  Probe x2  
  141  9:55  High Templar x4  
  141  9:56  Zealot x2  
  141  9:59  Archon  
  149  10:00  Archon  
  149  10:06  Zealot x2  
  153  10:09  Shield Battery  
  153  10:12  Shield Battery  
  153  10:19  Archon  
  149  10:26  Zealot x4  
  149  10:28  Zealot x3  
  132  10:29  Probe x2  
  132  10:30  High Templar  
  132  10:31  Probe  
  132  10:32  Probe  
  132  10:35  Immortal (Chrono Boost)  
  142  10:51  Archon  
  142  10:52  High Templar x4, Zealot  
  142  10:53  Zealot x2  
  142  10:57  Gateway  
  156  10:58  Gateway  
  156  11:02  Pylon, Shield Battery  
  156  11:03  Shield Battery  
  156  11:04  Shield Battery  
  156  11:14  High Templar x3  
  156  11:15  High Templar  
  158  11:19  Nexus  
  158  11:25  Pylon  
  157  11:26  Pylon  
  157  11:27  Pylon x2  
  157  11:29  Pylon  
  157  11:37  Immortal  
  151  11:47  Stalker x6  
  151  11:48  Stalker  
  157  11:58  Zealot  
  156  12:03  Assimilator  
  156  12:05  Protoss Ground Weapons Level 2 (Chrono Boost)  
  156  12:06  Assimilator  
  152  12:09  Blink  
  152  12:17  Observer  
  152  12:18  Zealot x2  
  152  12:19  Zealot  
  152  12:21  Shield Battery  
  152  12:22  Photon Cannon  
  145  12:30  Archon  
  145  12:31  Archon  
  121  12:38  Zealot x5  
  121  12:44  High Templar x2, Immortal (Chrono Boost)  
  121  12:45  High Templar  
  123  13:00  Pylon  
  123  13:04  Zealot x5  
  117  13:13  Immortal (Chrono Boost)  
  117  13:17  High Templar x2  
  117  13:18  High Templar  
  127  13:26  Archon  
  127  13:29  Nexus  
  126  13:39  High Templar  
  126  13:40  High Templar x3  
  129  13:47  Immortal (Chrono Boost), Zealot  
  131  13:51  Nexus  
  128  14:13  Nexus  
  128  14:18  High Templar x2, Zealot  
  128  14:19  Zealot x5  
  128  14:22  Archon  
  144  14:29  Nexus  
  136  14:31  Immortal (Chrono Boost)  
  132  14:49  High Templar x2  
  132  14:50  High Templar x2, Zealot x3  
  146  14:55  Zealot  
  148  15:03  Archon  
  148  15:04  Archon  
  148  15:05  Archon  
  142  15:21  High Templar x2, Zealot  
  142  15:22  Zealot  
  142  15:23  Nexus  
  142  15:27  Archon  
  140  15:46  High Templar x2  
  140  15:47  High Templar  
  138  15:55  Assimilator  
  138  15:56  Pylon, High Templar, Zealot x3  
  138  15:57  Zealot  
  148  16:01  Immortal (Chrono Boost)  
  152  16:10  Pylon  
  152  16:11  Probe  
  153  16:21  High Templar  
  153  16:22  High Templar, Zealot x5  
  153  16:23  Probe  
  168  16:27  Archon  
  168  16:30  Immortal (Chrono Boost)  
  162  16:35  Probe, Assimilator  
  162  16:37  Pylon  
  157  16:45  High Templar  
  157  16:46  High Templar, Zealot x4  
  163  16:47  Probe  
  164  16:59  Probe  
  157  17:11  Probe  
  157  17:12  Stalker x6  
  158  17:19  Stalker x2  
  148  17:35  Nexus  
  148  17:36  Stalker x6  
  155  17:44  Observer  
  148  17:54  Archon x2  
  142  18:00  Probe x3  
  142  18:01  Stalker x6  
  142  18:05  High Templar x2  
  143  18:30  Stalker x6  
  151  18:45  Nexus  
  151  18:53  Stalker x8  
  167  19:01  Archon  
  139  19:19  Stalker x5  
  137  19:27  Pylon  
  137  19:30  Immortal (Chrono Boost)  
  99  19:45  Stalker  
  99  19:46  Stalker x5  
  104  20:01  Zealot x2  
  104  20:10  Immortal  
  101  20:15  Zealot x5  
  101  20:30  Zealot  
  101  20:31  Zealot x2  
  107  20:35  Zealot x3  
  107  20:36  Zealot  
  83  21:03  Nexus  
  83  21:04  High Templar x2, Zealot x5  
  83  21:05  Zealot  
Show
View Real Time Build Order
Export as new Build Order

TSGSolar Zerg 

Build Orders: Hatch First, Swarm Host 

Get SALT Encoding   

  12  0:01  Drone  
  13  0:12  Overlord  
  13  0:17  Drone  
  14  0:31  Drone x2  
  16  0:48  Hatchery  
  15  0:51  Drone  
  15  0:55  Drone  
  17  0:58  Drone  
  18  1:08  Extractor  
  17  1:13  Spawning Pool  
  17  1:17  Drone  
  17  1:20  Drone  
  18  1:28  Drone  
  19  1:40  Drone  
  20  1:48  Hatchery  
  20  1:52  Drone  
  20  2:00  Queen  
  22  2:04  Drone  
  23  2:13  Queen  
  25  2:19  Overlord  
  26  2:22  Drone  
  26  2:25  Drone  
  26  2:28  Zergling x2  
  28  2:37  Zergling x2, Metabolic Boost  
  28  2:40  Drone x2  
  31  2:47  Queen  
  31  2:50  Drone  
  34  2:52  Drone  
  34  2:55  Drone  
  36  3:01  Queen  
  36  3:05  Overlord  
  38  3:08  Drone  
  40  3:12  Drone  
  40  3:13  Drone  
  40  3:14  Drone  
  40  3:18  Overlord  
  42  3:25  Drone x4  
  46  3:30  Queen  
  48  3:36  Spore Crawler  
  48  3:38  Spore Crawler  
  48  3:39  Drone x2  
  48  3:41  Drone  
  48  3:45  Overlord  
  49  3:50  Spore Crawler, Drone  
  49  3:51  Drone  
  49  3:52  Extractor  
  49  3:53  Drone  
  50  3:57  Drone x2  
  50  3:58  Drone x2  
  50  4:01  Overlord  
  56  4:05  Drone  
  56  4:06  Drone x2  
  56  4:08  Overlord  
  59  4:14  Spore Crawler  
  59  4:16  Overlord  
  57  4:20  Drone  
  57  4:21  Drone x3  
  61  4:25  Zergling x6  
  63  4:33  Zergling x2  
  63  4:34  Lair  
  63  4:36  Zergling x4, Roach Warren  
  63  4:37  Drone x2  
  67  4:43  Extractor x2, Drone x2  
  67  4:45  Drone  
  68  4:46  Drone  
  68  4:47  Drone  
  68  4:51  Drone  
  72  4:52  Drone  
  72  4:55  Drone  
  72  4:59  Drone  
  72  5:00  Drone  
  72  5:02  Drone  
  72  5:03  Drone x2  
  75  5:08  Drone x3  
  75  5:09  Extractor  
  75  5:10  Extractor, Overlord  
  77  5:14  Drone  
  77  5:15  Drone x3  
  77  5:16  Drone  
  80  5:21  Drone  
  80  5:22  Drone  
  80  5:26  Drone  
  82  5:32  Evolution Chamber, Overlord  
  82  5:33  Drone  
  82  5:34  Glial Reconstitution  
  82  5:39  Drone x3  
  85  5:44  Drone  
  85  5:45  Overlord  
  85  5:46  Roach x2  
  85  5:47  Infestation Pit, Overlord  
  85  5:48  Extractor, Overlord  
  88  5:50  Overseer  
  88  5:53  Overlord  
  88  5:56  Overseer  
  88  5:57  Overlord  
  88  5:59  Zerg Missile Weapons Level 1  
  88  6:03  Roach  
  88  6:04  Roach  
  91  6:06  Overlord  
  91  6:07  Overlord  
  91  6:08  Hatchery  
  91  6:10  Overlord  
  90  6:14  Overlord  
  90  6:21  Zergling x6  
  90  6:22  Zergling x2  
  94  6:31  Swarm Host  
  94  6:32  Swarm Host x6  
  115  6:33  Swarm Host  
  115  6:37  Swarm Host  
  120  6:41  Swarm Host  
  120  6:42  Swarm Host  
  126  6:47  Swarm Host  
  126  6:50  Overlord  
  126  6:53  Overlord  
  129  6:57  Zergling x2, Nydus Network  
  129  6:58  Zergling x2  
  129  6:59  Roach  
  129  7:00  Zergling x2, Roach  
  129  7:01  Zergling x8  
  139  7:05  Overlord  
  139  7:08  Swarm Host  
  139  7:11  Swarm Host  
  139  7:15  Roach  
  147  7:20  Queen  
  147  7:21  Ravager x2  
  147  7:22  Roach  
  153  7:23  Zergling x10  
  153  7:28  Roach  
  153  7:29  Roach x4  
  168  7:30  Zergling x2  
  168  7:31  Zergling x2  
  168  7:36  Drone  
  170  7:37  Spine Crawler  
  170  7:38  Nydus Canal  
  170  7:41  Roach x3  
  175  7:46  Overlord  
  175  7:49  Roach x3  
  181  7:53  Roach x2  
  181  7:54  Roach  
  181  7:56  Nydus Canal  
  181  7:58  Roach  
  188  8:08  Roach x5  
  198  8:13  Roach x3  
  198  8:14  Zergling x2, Roach  
  198  8:17  Roach  
  196  8:20  Roach x2  
  196  8:21  Zergling x4  
  185  8:27  Zergling x6  
  185  8:28  Zergling x4  
  185  8:29  Ravager x2  
  185  8:30  Nydus Canal  
  185  8:32  Zergling x2  
  193  8:35  Zergling x6  
  193  8:37  Ravager x2  
  193  8:40  Roach  
  197  8:42  Ravager  
  197  8:43  Roach  
  197  8:51  Nydus Canal  
  197  8:52  Zergling x6  
  199  9:15  Zerg Missile Weapons Level 2  
  199  9:16  Zergling x2  
  199  9:17  Zergling x4  
  199  9:20  Extractor  
  198  9:29  Roach x2  
  195  9:33  Roach  
  195  9:35  Roach x5  
  195  9:38  Roach x4  
  200  9:41  Roach x3  
  200  9:42  Zergling x2  
  200  9:44  Queen  
  199  9:47  Roach  
  191  9:52  Drone  
  191  9:53  Drone x2  
  191  9:54  Roach x3  
  191  9:56  Drone  
  191  9:57  Drone  
  191  9:59  Drone  
  199  10:12  Nydus Canal  
  190  10:22  Zergling x24  
  192  10:31  Roach  
  192  10:35  Ravager x7  
  195  10:37  Roach x3  
  195  10:41  Ravager  
  198  10:50  Roach x2  
  198  10:52  Ravager  
  200  11:07  Roach  
  198  11:12  Roach x2  
  198  11:14  Roach  
  198  11:21  Roach  
  198  11:23  Queen  
  198  11:28  Hive  
  198  11:29  Roach  
  198  11:36  Roach, Nydus Canal  
  200  11:41  Queen  
  197  11:48  Roach  
  192  11:55  Zergling x6, Roach  
  192  11:56  Nydus Canal  
  192  11:58  Ravager x4  
  199  12:05  Roach x5  
  199  12:08  Roach  
  199  12:13  Nydus Canal  
  190  12:23  Zergling x4, Spine Crawler  
  190  12:24  Zergling x30, Spine Crawler  
  197  12:31  Roach x2  
  197  12:33  Roach x4  
  197  12:34  Roach x3  
  197  12:36  Roach  
  197  12:37  Roach  
  199  12:38  Roach  
  199  12:43  Roach x3  
  196  12:46  Nydus Canal  
  196  12:48  Roach  
  195  12:53  Roach x2  
  195  12:56  Roach x2  
  195  13:02  Roach x3  
  193  13:11  Spire  
  193  13:12  Roach x4, Zerg Missile Weapons Level 3  
  199  13:13  Extractor  
  199  13:18  Roach  
  199  13:19  Zergling x2  
  190  13:30  Roach x2  
  190  13:31  Nydus Canal  
  190  13:33  Roach x2  
  198  13:39  Overseer, Ravager, Pneumatized Carapace  
  198  13:40  Overseer  
  199  13:48  Nydus Canal  
  199  13:52  Hatchery  
  198  13:56  Spine Crawler  
  193  14:19  Roach x3  
  193  14:21  Ravager  
  199  14:25  Greater Spire  
  199  14:27  Hatchery  
  199  14:29  Zergling x2  
  199  14:30  Zergling x4  
  195  14:41  Roach x2  
  195  14:42  Roach  
  190  14:48  Roach x5  
  190  14:52  Ravager x2  
  189  14:56  Corruptor x5  
  197  15:01  Corruptor x2  
  197  15:03  Corruptor  
  185  15:14  Ravager  
  185  15:15  Ravager  
  185  15:18  Spine Crawler  
  185  15:20  Spine Crawler  
  185  15:27  Drone x2  
  182  15:48  Drone, Zerg Flyer Weapons Level 1  
  182  15:49  Brood Lord x8  
  197  15:55  Roach  
  199  15:59  Nydus Canal  
  199  16:00  Zerg Melee Weapons Level 1  
  199  16:11  Overseer  
  199  16:29  Roach  
  199  16:35  Roach x2  
  199  16:46  Nydus Canal  
  197  17:03  Roach x2  
  197  17:05  Zergling x2  
  197  17:08  Roach x2  
  197  17:09  Roach  
  199  17:39  Ravager  
  199  17:41  Roach x3  
  199  17:43  Roach  
  198  17:44  Roach x2  
  198  17:46  Roach x2  
  198  17:47  Ravager  
  189  17:51  Roach  
  189  17:52  Roach x4  
  189  17:53  Roach  
  189  17:57  Roach x2  
  189  17:58  Roach  
  198  18:13  Nydus Canal  
  198  18:15  Roach  
  198  18:22  Roach x2  
  198  18:23  Hatchery  
  198  18:24  Roach x2  
  198  18:25  Roach x2  
  199  18:31  Ravager  
  201  18:49  Overlord  
  193  18:56  Zergling x6  
  193  18:57  Zergling x4  
  193  18:58  Zergling x18  
  193  18:59  Roach x4  
  193  19:01  Roach x11  
  193  19:02  Roach  
  181  19:06  Roach  
  146  19:14  Ravager x2  
  146  19:15  Ravager  
  145  19:18  Ravager x2  
  131  19:32  Roach  
  128  19:42  Nydus Canal  
  128  19:43  Ravager x2  
  129  19:50  Zergling x4  
  131  19:53  Ravager  
  131  19:58  Roach  
  130  20:06  Roach  
  118  20:09  Ravager  
  117  20:25  Roach x2  
  117  20:32  Roach  
  119  20:38  Roach  
  117  20:45  Roach  
  103  20:51  Roach x2  
  94  20:59  Ravager x2  
  94  21:00  Ravager  
  94  21:02  Ravager  
Tags
 
Add a new tag
Caveats
  • Supply blocks, unpowered buildings, or Contaminate may cause inaccurate times.
  • Supply counts are checked every 10 seconds.